Map: Abyssal Reef LE

Players

Vindicta - Winner!

  • Race: Terran Terran
  • League: Grandmaster
  • Spawn Location: 5:00

TimeLord

  • Race: Zerg Zerg
  • League: Master
  • Spawn Location: 11:00

VOD

Have the link to the VOD?

Description

Time

  • Played on: Jan. 15, 2018, 4:04 p.m.
  • Length: 9:48
Show
View Real Time Build Order
Export as new Build Order

Vindicta Terran - Winner!

Build Orders: Liberator Opening, Reaper Expand, MMM Bio 

Get SALT Encoding   

  12  0:00  SCV  
  13  0:13  SCV  
  14  0:17  Supply Depot  
  14  0:25  SCV  
  15  0:39  SCV  
  15  0:40  Barracks  
  16  0:44  Refinery  
  16  0:51  SCV  
  17  1:03  SCV  
  18  1:15  SCV  
  19  1:28  Reaper, Orbital Command  
  20  1:43  Command Center  
  20  1:55  SCV, Supply Depot  
  20  2:00  Marine  
  22  2:10  Factory  
  22  2:12  SCV  
  23  2:18  Refinery  
  23  2:22  Barracks Reactor  
  23  2:24  SCV  
  24  2:36  SCV  
  25  2:48  SCV  
  26  2:56  Orbital Command  
  26  3:00  Starport  
  26  3:01  SCV  
  27  3:05  Barracks Tech Lab  
  27  3:11  Hellion x2  
  31  3:13  SCV  
  32  3:21  SCV  
  33  3:29  SCV  
  33  3:32  Hellion x2  
  38  3:35  Marine  
  38  3:36  Stimpack  
  38  3:37  SCV  
  38  3:39  Viking  
  42  3:43  SCV  
  42  3:46  Supply Depot  
  43  3:51  Liberator  
  43  3:54  Hellion  
  46  3:58  SCV  
  46  4:04  Supply Depot  
  46  4:07  Hellion, SCV  
  52  4:10  SCV  
  52  4:12  Supply Depot  
  53  4:17  Marine  
  54  4:26  SCV x2  
  56  4:36  Command Center  
  56  4:38  SCV x2  
  58  4:50  SCV x2  
  60  4:54  Starport Reactor, Factory Reactor  
  60  4:56  Barracks  
  60  4:58  Barracks  
  60  5:02  SCV x2  
  62  5:10  Engineering Bay x2  
  62  5:14  SCV x2, Refinery  
  62  5:15  Refinery  
  62  5:20  Marine  
  65  5:26  SCV x2  
  67  5:34  Medivac  
  69  5:38  SCV, Combat Shields  
  69  5:40  Factory Tech Lab  
  69  5:41  Supply Depot  
  70  5:47  Medivac, SCV, Marine x3  
  70  5:48  Terran Infantry Weapons Level 1, Orbital Command, Terran Infantry Armor Level 1  
  76  5:50  SCV  
  76  5:52  Marine  
  76  5:55  Marine  
  79  5:59  SCV  
  79  6:02  SCV  
  76  6:04  Siege Tank  
  76  6:05  Marine x3  
  76  6:10  Marine, Orbital Command  
  78  6:12  SCV  
  78  6:13  Marine  
  78  6:15  SCV  
  79  6:20  Medivac x2  
  79  6:23  Marine x2  
  79  6:24  SCV  
  86  6:26  Supply Depot  
  86  6:27  SCV  
  86  6:28  Armory  
  87  6:33  Marine  
  87  6:36  SCV  
  87  6:38  SCV  
  87  6:39  SCV, Bunker  
  91  6:43  Marine  
  91  6:44  Supply Depot, Marine  
  93  6:47  Marine  
  93  6:48  SCV  
  93  6:50  SCV  
  93  6:51  SCV, Marine x2  
  99  7:00  SCV  
  100  7:04  SCV  
  100  7:05  Siege Tank  
  100  7:07  SCV, Supply Depot  
  101  7:12  SCV, Marine  
  101  7:13  Marine  
  103  7:16  SCV, Marine x2  
  103  7:18  Marine  
  103  7:22  Barracks  
  107  7:23  Barracks, Refinery  
  107  7:27  Medivac  
  109  7:30  Supply Depot  
  109  7:33  Medivac, SCV x2, Supply Depot, Marine x2  
  109  7:36  Marine x2  
  117  7:37  Supply Depot  
  117  7:47  Terran Vehicle Weapons Level 1  
  117  7:52  Siege Tank, SCV x2, Marine  
  117  7:53  SCV, Marine  
  117  7:57  Marine x3  
  128  8:05  SCV x2  
  116  8:07  SCV  
  116  8:09  Marine  
  116  8:11  Supply Depot, Marine  
  117  8:15  Barracks Reactor x2  
  117  8:18  SCV  
  117  8:22  Marine x2  
  117  8:26  Supply Depot, Command Center  
  117  8:31  Marine  
  117  8:32  SCV x2, Marine x2  
  121  8:34  Supply Depot  
  121  8:40  Siege Tank, Marine x2  
  125  8:41  SCV  
  125  8:45  SCV x2  
  128  8:49  Marine  
  128  8:50  Marine x2  
  128  8:55  Marine x2  
  128  8:57  SCV, Marine x2  
  128  8:58  Marine x2  
  128  9:04  SCV  
  128  9:07  Marine  
  128  9:08  Marine, Marauder  
  128  9:09  Supply Depot, Factory  
  132  9:10  Supply Depot  
  132  9:12  Siege Tank  
  132  9:13  Supply Depot, Marine x2  
  132  9:15  Marine x4  
  141  9:22  Refinery  
  141  9:24  Marine  
  141  9:26  Marine  
  146  9:31  SCV  
  149  9:40  Barracks  
  149  9:42  Barracks  
Show
View Real Time Build Order
Export as new Build Order

TimeLord Zerg 

Build Orders: Hatch First 

Get SALT Encoding   

  12  0:00  Drone  
  13  0:15  Overlord  
  13  0:24  Drone  
  14  0:34  Drone x2  
  16  0:39  Drone  
  17  0:54  Drone  
  18  1:06  Hatchery  
  17  1:11  Drone  
  17  1:15  Extractor  
  18  1:18  Drone  
  18  1:20  Spawning Pool  
  18  1:23  Drone  
  18  1:31  Drone  
  19  1:45  Drone  
  20  1:52  Overlord  
  20  2:07  Queen  
  22  2:12  Drone  
  22  2:14  Zergling x2  
  24  2:18  Metabolic Boost, Queen  
  24  2:19  Drone  
  27  2:28  Spore Crawler  
  26  2:30  Drone  
  26  2:34  Drone  
  26  2:35  Drone  
  28  2:39  Spore Crawler  
  28  2:40  Drone  
  30  2:46  Drone  
  31  2:52  Overlord  
  31  2:56  Drone  
  31  3:04  Zergling x2  
  32  3:06  Hatchery  
  32  3:08  Queen  
  32  3:09  Overlord  
  33  3:16  Drone x3  
  33  3:19  Drone  
  37  3:24  Drone x2  
  39  3:28  Drone x2  
  39  3:32  Zergling x4  
  43  3:40  Zergling x2  
  44  3:44  Drone  
  45  3:50  Drone  
  46  3:59  Queen, Overlord  
  46  4:00  Overlord  
  46  4:02  Lair  
  48  4:04  Baneling Nest  
  48  4:05  Drone x3  
  48  4:08  Overlord  
  50  4:14  Zergling x2  
  51  4:28  Zergling x4  
  53  4:33  Drone  
  53  4:34  Queen  
  56  4:40  Overlord  
  56  4:53  Zergling x6  
  56  4:55  Overlord  
  59  5:07  Drone  
  59  5:09  Drone x3  
  59  5:10  Drone x6  
  59  5:11  Queen  
  59  5:12  Overlord  
  71  5:15  Spore Crawler  
  71  5:16  Spore Crawler  
  71  5:18  Baneling x4  
  71  5:19  Baneling, Evolution Chamber  
  71  5:20  Evolution Chamber  
  67  5:24  Drone x2  
  69  5:37  Drone x2  
  69  5:38  Drone  
  69  5:41  Drone  
  69  5:42  Drone x6  
  78  5:49  Overlord  
  78  5:52  Extractor  
  78  5:53  Extractor  
  78  5:54  Drone x2  
  78  5:55  Overlord  
  77  5:57  Overlord  
  77  6:02  Overlord  
  75  6:11  Zergling x12  
  76  6:12  Overlord  
  76  6:14  Overlord  
  76  6:16  Drone  
  78  6:20  Zerg Melee Weapons Level 1, Zerg Ground Armor Level 1  
  78  6:27  Extractor x2  
  76  6:33  Drone x3  
  76  6:34  Hatchery, Drone x2  
  76  6:35  Extractor  
  76  6:37  Hatchery  
  76  6:38  Centrifical Hooks  
  78  6:45  Zergling x8  
  78  6:46  Zergling x2  
  83  6:53  Drone x2  
  83  6:54  Drone x4  
  88  7:00  Drone  
  88  7:01  Overlord  
  90  7:07  Overlord  
  89  7:09  Overlord  
  89  7:12  Baneling x5  
  89  7:15  Zergling x6  
  90  7:16  Zergling x2  
  90  7:18  Overlord  
  90  7:20  Baneling  
  90  7:21  Overlord  
  92  7:23  Overlord  
  92  7:25  Drone x4  
  92  7:26  Overlord  
  96  7:31  Drone  
  96  7:32  Hydralisk Den  
  96  7:33  Infestation Pit, Drone  
  96  7:35  Zergling x6  
  96  7:36  Baneling  
  99  7:37  Baneling x11  
  99  7:40  Zergling x4  
  101  7:48  Overlord  
  101  7:53  Drone x2  
  101  7:54  Zergling x2  
  101  7:55  Zergling x14  
  102  8:07  Baneling x2  
  102  8:08  Baneling x3  
  102  8:10  Hydralisk x5  
  102  8:11  Hydralisk  
  112  8:13  Queen  
  112  8:15  Overlord  
  113  8:21  Overlord  
  113  8:24  Baneling x3, Overlord  
  112  8:29  Zergling x8  
  112  8:30  Zergling x6  
  112  8:40  Hydralisk x3  
  112  8:41  Hydralisk x2, Zergling x2  
  112  8:47  Hydralisk  
  118  8:52  Overlord  
  118  8:55  Overlord  
  115  8:57  Overlord  
  115  9:02  Hatchery  
  112  9:04  Overlord  
  112  9:16  Baneling  
  112  9:17  Baneling x4  
  111  9:18  Zergling x4  
  111  9:19  Zergling x10  
  111  9:20  Zergling x2  
  119  9:28  Zergling x2  
  119  9:29  Zergling x14  
Tags
 
Add a new tag
Caveats
  • Supply blocks, unpowered buildings, or Contaminate may cause inaccurate times.
  • Supply counts are checked every 10 seconds.